 Dungeon Crawl Stone Soup version 0.27.1-33-g824d729ab1 (webtiles) character file.

Game seed: 7725211948740487387

1613 pkoi the Grappler (level 8, -6/63 HPs)
             Began as a Grey Draconian Monk on Dec 3, 2021.
             Was a Believer of the Shining One.
             Mangled by a hornet zombie (7 damage)
             ... on level 7 of the Dungeon.
             The game lasted 00:08:47 (6852 turns).

pkoi the Grappler (Grey Draconian Monk)             Turns: 6852, Time: 00:08:48

Health: -6/63      AC: 11    Str: 20    XL:     8   Next: 64%
Magic:  12/12      EV: 12    Int: 13    God:    the Shining One [**....]
Gold:   287        SH:  0    Dex: 13    Spells: 10/12 levels left

rFire    . . .     SeeInvis .     - Unarmed
rCold    . . .     Faith    .   (no shield)
rNeg     + + .     Spirit   .   (armour unavailable)
rPois    .         Reflect  .   (helmet restricted)
rElec    .         Harm     .   (no cloak)
rCorr    .         Rampage  .   (no gloves)
Will     .....                  (no boots)
Stlth    +.........             (no amulet)
HPRegen  0.20/turn              c - +6 ring of strength
MPRegen  0.13/turn              b - ring of positive energy

@: glowing
A: AC +11, amphibious, unfitting armour, cold-blooded
a: Renounce Religion, Divine Shield


You were on level 7 of the Dungeon.
You worshipped the Shining One.
The Shining One was pleased with you.
You visited 2 branches of the dungeon, and saw 8 of its levels.

You collected 287 gold pieces.

Inventory:

Missiles
 g - 6 curare-tipped darts (quivered)
 o - 19 poisoned darts
Jewellery
 b - a ring of positive energy (right hand)
 c - a +6 ring of strength (left hand)
 q - an amulet of faith
 s - a +6 ring of intelligence
Wands
 i - a wand of charming (18)
 n - a wand of iceblast (3)
 p - a wand of acid (7)
 r - a wand of polymorph (8)
Scrolls
 a - 3 scrolls of magic mapping
 h - a scroll of amnesia
 j - 5 scrolls of identify
Potions
 d - a potion of heal wounds
 e - a potion of brilliance
 f - 2 potions of mutation
 k - a potion of cancellation
 l - a potion of lignification {unknown}
 m - a potion of resistance {unknown}


   Skills:
 - Level 3.5 Fighting
 - Level 2.8 Dodging
 - Level 1.7 Stealth
 + Level 9.6 Unarmed Combat
 + Level 2.7 Spellcasting
 + Level 3.0 Transmutations
 + Level 3.7 Earth Magic
 - Level 0.9 Invocations


You had 10 spell levels left.
You knew the following spells:

 Your Spells              Type           Power      Damage    Failure   Level
a - Passwall              Tmut/Erth      8%         N/A       9%          2

Your spell library contained the following spells:

 Spells                   Type           Power      Damage    Failure   Level
 Slow                     Hex            1%         N/A       34%         2
 Confusing Touch          Hex            1%         N/A       56%         3
 Gell's Gravitas          Tloc           0%         N/A       56%         3
 Swiftness                Air            1%         N/A       56%         3
 Teleport Other           Tloc           1%         N/A       56%         3
 Yara's Violent Unravell  Hex/Tmut       2%         3d3       98%         5
 Dispersal                Tloc           0%         N/A       100%        6
 Invisibility             Hex            0%         N/A       100%        6


Dungeon Overview and Level Annotations

Branches:
Dungeon (7/15)             Temple (1/1) D:4

Altars:
Ashenzari
Cheibriados
Dithmenos
Elyvilon
Fedhas
Gozag
Hepliaklqana
Kikubaaqudgha
Makhleb
Nemelex Xobeh
Okawaru
Qazlal
Ru
Sif Muna
Trog
Uskayaw
Vehumet
Wu Jian
Xom
Yredelemnul
Zin
The Shining One

Shops:
D:1 [

Annotations:
D:2 1 runed translucent door, Crazy Yiuf, Terence
D:7 Dowan, Duvessa


Innate Abilities, Weirdness & Mutations

Your dull iron-grey scales are very hard. (AC +11)
You are amphibious.
You cannot fit into any form of body armour.
You are cold-blooded and may be slowed by cold attacks.


Message History

You hit the kobold brigand.
The kobold brigand is severely wounded.
The kobold brigand hits you with a +0 dagger.
* * * LOW HITPOINT WARNING * * *
You hear a zap.
You hear a grinding noise.
You punch the kobold brigand!
You kill the kobold brigand!
Your Transmutations skill increases to level 3!
g - 6 curare-tipped darts (gained 1)
Items here: ( )) ††.
You start resting.
A hornet zombie comes into view.
A hornet zombie is nearby!
A hornet zombie is nearby!
You start resting.
Magic restored.
You punch the hornet zombie!
The hornet zombie is lightly damaged.
The hornet zombie hits you!
* * * LOW HITPOINT WARNING * * *
You hit the hornet zombie but do no damage.
The hornet zombie is lightly damaged.
The hornet zombie closely misses you.
You hit the hornet zombie but do no damage.
You tail-slap the hornet zombie.
The hornet zombie is moderately damaged.
The hornet zombie hits you.
* * * LOW HITPOINT WARNING * * *
You barely miss the hornet zombie.
Your tail-slap misses the hornet zombie.
The hornet zombie is moderately damaged.
The hornet zombie hits you.
* * * LOW HITPOINT WARNING * * *
You punch the hornet zombie! You tail-slap the hornet zombie.
The hornet zombie is moderately damaged.
The hornet zombie hits you!
* * * LOW HITPOINT WARNING * * *
You hit the hornet zombie.
The hornet zombie is heavily damaged.
The hornet zombie hits you!
You die...

..# #...# ##.#
#..c### #...
#.....#
#..#.#.....#
#..#......|#
#..#####†..#
####..#).Z.##.#
#.....#Z##.# .#
#.##.#(.@#.# .#
#.###.#.. .#
#####.###.######
#.......#.#
#.###.....#
#...#...#
##.[##...#
#.........#
#.#####.#.#


You could see a hornet zombie.

Vanquished Creatures
  Grinder (D:4)
  A water moccasin (D:2)
  2 sky beasts (D:6)
  5 ogres
  A black bear (D:5)
  A centaur (D:7)
  A kobold brigand (D:7)
  Blork the orc (D:6)
  A bullfrog (D:4)
  A scorpion (D:7)
  An orc priest (D:3)
  A hound (D:6)
  Jessica (D:2)
  2 iguanas
  Robin (D:2)
  5 adders
  A shadow imp (D:5)
  A white imp (D:7)
  2 ufetubi (D:6)
  A worm (D:2)
  2 dart slugs
  7 orcs
  3 endoplasms
  14 goblins
  5 hobgoblins
  7 jackals
  A quokka (D:2)
  4 ball pythons
  3 bats
  A frilled lizard (D:2)
  4 kobolds
  9 rats
91 creatures vanquished.

Vanquished Creatures (others)
  A jelly (D:4)
1 creature vanquished.

Grand Total: 92 creatures vanquished

Notes
Turn   | Place    | Note
-------+----------+-------------------------------------------
     0 | D:1      | pkoi the Draconian Monk began the quest for the Orb.
     0 | D:1      | Reached XP level 1. HP: 19/19 MP: 1/1
    91 | D:1      | Found Vowkot's Armour Shoppe.
   130 | D:1      | Reached XP level 2. HP: 22/26 MP: 2/2
   647 | D:2      | Found a faded altar of an unknown god.
   669 | D:2      | Reached skill level 4 in Unarmed Combat
   791 | D:2      | Noticed Robin
   812 | D:2      | Reached XP level 3. HP: 31/31 MP: 3/3
  1505 | D:2      | Noticed Jessica
  1513 | D:2      | Killed Jessica
  1514 | D:2      | Reached skill level 5 in Unarmed Combat
  1514 | D:2      | Reached XP level 4. HP: 32/38 MP: 4/4
  1519 | D:2      | Killed Robin
  1682 | D:2      | Found a runed translucent door.
  1683 | D:2      | Noticed Crazy Yiuf
  2392 | D:3      | Noticed a water moccasin
  2421 | D:2      | Killed a water moccasin
  2422 | D:2      | Reached skill level 6 in Unarmed Combat
  2422 | D:2      | Reached XP level 5. HP: 14/45 MP: 5/5
  2774 | D:3      | Noticed Terence
  3480 | D:4      | Reached XP level 6. HP: 42/51 MP: 6/6
  3773 | D:4      | Reached skill level 7 in Unarmed Combat
  4077 | D:4      | Reached skill level 8 in Unarmed Combat
  4077 | D:4      | Your scales start taking on a dull iron-grey colour.
  4077 | D:4      | Reached XP level 7. HP: 57/57 MP: 7/7
  4300 | D:4      | Noticed Grinder
  4320 | D:4      | Killed Grinder
  4558 | D:4      | Found a staircase to the Ecumenical Temple.
  4901 | Temple   | Entered the Ecumenical Temple
  5147 | Temple   | Became a worshipper of the Shining One
  5147 | Temple   | Reached * piety under the Shining One
  5147 | Temple   | Reached ** piety under the Shining One
  5210 | D:5      | Entered Level 5 of the Dungeon
  5262 | D:5      | Reached skill level 9 in Unarmed Combat
  5292 | D:5      | Learned a level 2 spell: Passwall
  5452 | D:5      | Found an ancient bone altar of Kikubaaqudgha.
  5534 | D:5      | Reached skill level 1 in Transmutations
  5534 | D:5      | Reached skill level 1 in Earth Magic
  5540 | D:5      | Reached skill level 1 in Spellcasting
  5540 | D:5      | Reached XP level 8. HP: 54/63 MP: 7/9
  5773 | D:6      | Noticed Blork the orc
  5910 | D:6      | Found a hide-covered altar of Uskayaw.
  6294 | D:6      | Found a shadowy altar of Dithmenos.
  6294 | D:6      | Found a shimmering blue altar of Sif Muna.
  6390 | D:6      | Killed Blork the orc
  6762 | D:7      | Noticed Duvessa
  6762 | D:7      | Noticed Dowan
  6851 | D:7      | HP: 1/63 [hornet zombie (7)]
  6852 | D:7      | Mangled by a hornet zombie

Illustrated notes

Levels and vault maps discovered:
D:1:      elethiomel_arrival_shortcut, layout_rooms, serial_shops, shop
D:2:      layout_basic, chequers_ecumenical_altar_island,
          uniq_crazy_yiuf_cottage, uniq_jessica, uniq_robin
D:3:      layout_loops_ring, uniq_terence
D:4:      layout_basic, lemuel_temple_firewalk_b, uniq_grinder
D:5:      layout_gridville, nicolae_kikubaaqudgha_miasma_corner, kennysheep_nub
D:6:      layout_basic, lemuel_crystal_altar, gammafunk_temple_overflow_statue,
          minmay_misc_feat_square, minivault_19, chequers_mini_garden,
          uniq_blork_the_orc
D:7:      layout_basic, st_stairs_13, glass_columns_b, uniq_duvessa, uniq_joseph
Temple:   eino_narrow_crystal_temple

Skill      XL: |  1  2  3  4  5  6  7  8 |
---------------+-------------------------+-----
Unarmed Combat | 4 5 6 8 9 |  9.6
Transmutations | 1 3 |  3.0
Earth Magic    | 1 3 |  3.7
Spellcasting   | 1 2 |  2.7
Fighting       | |  3.5
Dodging        | |  2.8
Stealth        | |  1.7
Invocations    | |  0.9

Action                   |  1- 3 |  4- 6 |  7- 9 || total
-------------------------+-------+-------+-------++-------
Melee: Unarmed           |    93 |   139 |    84 ||   316
       Tailslap          |    14 |    22 |    11 ||    47
       Punch             |     4 |     3 |     2 ||     9
  Use: Scroll            |     4 |     2 |     2 ||     8
       Potion            |     3 |     4 |       ||     7
 Stab: Sleeping          |     4 |     3 |     2 ||     9
Armor: Skin              |    47 |    29 |    31 ||   107
Dodge: Dodged            |    75 |    78 |    37 ||   190
